 Dungeon Crawl Stone Soup version 0.31-a0-983-g7b6862f502 (webtiles) character file.

Game seed: 12582780407101551173

261 lunkers the Insei (level 5, 0/39 HPs)
             Began as a Demigod Shapeshifter on Nov 2, 2023.
             Slain by an iguana (6 damage)
             ... on level 4 of the Dungeon.
             The game lasted 00:01:20 (981 turns).

lunkers the Insei (Demigod Shapeshifter)             Turns: 981, Time: 00:01:21

Health: 0/39       AC:  5    Str: 15    XL:     5   Next: 63%
Magic:  7/7        EV: 11    Int: 12    God:
Gold:   82         SH:  0    Dex: 17    Spells: 4/4 levels left

rFire   . .          .
                       - Unarmed
rCold   . . .        (no shield)
rNeg    + . .        g - +0 ring mail
rPois   .            (helmet currently unavailable)
rElec   .            (cloak currently unavailable)
rCorr   .            (gloves currently unavailable)
SInv    .            (boots currently unavailable)
Will    .....        (no amulet)
Stlth   +            h - ring of positive energy
HPRegen 0.26/turn    (no ring)
MPRegen 0.10/turn

%: no passive effects
@: beast-form
A: beast (slay +2), high MP 1, forlorn, divine attributes
a: Begin Untransformation


You were on level 4 of the Dungeon.
You were a hulking beast.
You visited 1 branch of the dungeon, and saw 3 of its levels.

You collected 82 gold pieces.

Inventory:

Armour
 g - a +0 ring mail (worn)
 k - a +0 helmet
Jewellery
 h - a ring of positive energy (left hand)
Talismans
 c - a beast talisman
 d - a flux talisman
Scrolls
 e - a scroll of teleportation {unknown}
Potions
 f - a potion of haste
 i - a potion of curing {unknown}
 j - a potion of degeneration {unknown}
 l - a potion of berserk rage {unknown}


   Skills:
 - Level 0.8 Fighting
 - Level 1.7 Dodging
 * Level 5.2 Unarmed Combat
 + Level 3.9 Shapeshifting


You had 4 spell levels left.
You didn't know any spells.
Your spell library was empty.

Dungeon Overview and Level Annotations

Branches:
Dungeon (2/15)             Temple (0/1) D:4

Shops:
D:1 *   D:2 *

Annotations:
D:1 1 transporter


Innate Abilities, Weirdness & Mutations

You are a hulking beast.
Your limbs bulge with bestial killing power. (Slay +2)
You have an increased reservoir of magic. (+10% MP)
You shall have no god before yourself.
Your divine heritage dramatically boosts your attributes as you level up.


Message History

The hound misses you. The black bear bites you!
* * * LOW HITPOINT WARNING * * *
The black bear barely misses you.
The black bear claws you but does no damage.
The hound bites you.
* * * LOW HITPOINT WARNING * * *
You hit the black bear.
You kill the black bear!
The hound barely misses you.
Your Unarmed Combat skill increases to level 5!
You have reached level 5!
You punch the hound!
The hound is heavily wounded.
The hound closely misses you.
Unknown command.
You closely miss the hound.
The hound is heavily wounded.
The hound bites you.
* * * LOW HITPOINT WARNING * * *
The hound misses you.
You miss the hound.
The hound is heavily wounded.
The iguana barely misses you. The hound misses you.
Unknown command.
You completely miss the hound.
The hound is heavily wounded.
The hound bites you but does no damage. The iguana bites you!
* * * LOW HITPOINT WARNING * * *
The hound bites you but does no damage.
You closely miss the hound. Your punch misses the hound.
The hound is heavily wounded.
The iguana misses you. The hound bites you.
* * * LOW HITPOINT WARNING * * *
You punch the hound!
You kill the hound!
The iguana hisses menacingly.
The iguana bites you.
* * * LOW HITPOINT WARNING * * *
The iguana bites you.
You die...

.... .... ....... ##...
....... .... .......
..##+## #..... ..#...#
#.....#+### ..#...+
#.........# ..#...#
#.........#
..#...#####.?..lh...#
..'.......####+#..?.#
..#†...........#....#
..#.†###..##...#....#
..#..###..##...#....#
..#..#....##'###....#+##..
..#..#....##...#..........
..##########...#..........
...........#...#..........


You could see an iguana.

Vanquished Creatures
  A black bear (D:4)
  A scorpion (D:4)
  2 hounds (D:4)
  An iguana (D:4)
  An adder (D:2)
  A dart slug (D:1)
  2 endoplasms
  2 giant cockroaches
  2 goblins (D:2)
  3 hobgoblins
  2 quokkas
  2 ball pythons
  A frilled lizard (D:1)
21 creatures vanquished.

Notes
Turn   | Place    | Note
-------+----------+-------------------------------------------
     0 | D:1      | lunkers the Demigod Shapeshifter began the quest for the
                  | Orb.
     0 | D:1      | Reached XP level 1. HP: 15/15 MP: 3/3
    62 | D:1      | Found Ciadi's General Store.
   138 | D:1      | Reached skill level 3 in Unarmed Combat
   420 | D:2      | Found Hoirhi Lurev's General Store.
   445 | D:2      | Reached XP level 2. HP: 22/22 MP: 4/4
   649 | D:2      | You fall into a shaft and drop 2 floors!
   673 | D:4      | Noticed a scorpion
   674 | D:4      | Found a staircase to the Ecumenical Temple.
   690 | D:4      | Killed a scorpion
   691 | D:4      | Reached skill level 4 in Unarmed Combat
   691 | D:4      | Reached XP level 3. HP: 4/27 MP: 5/5
   691 | D:4      | Reached XP level 4. HP: 5/34 MP: 6/6
   966 | D:4      | Noticed a black bear
   974 | D:4      | Killed a black bear
   975 | D:4      | Reached skill level 5 in Unarmed Combat
   975 | D:4      | Reached XP level 5. HP: 17/39 MP: 7/7
   981 | D:4      | Slain by an iguana

Illustrated notes

Levels and vault maps discovered:
D:1:      spicycebolla_arrival_risky_transporter, layout_loops_ring,
          serial_shops, shop, hellmonk_ecumenical_altar_arch_garden
D:2:      layout_loops_corners, serial_forest, infiniplex_forest_zigzag_2,
          infiniplex_forest_lined_corner, infiniplex_forest_end_double,
          infiniplex_forest_lined_3_way, infiniplex_forest_clump_medium,
          infiniplex_forest_straight_2, infiniplex_forest_end_2,
          infiniplex_forest_lined_room_2, infiniplex_forest_end_2, serial_shops,
          shop, nicolae_shop_behind_doors, nicolae_shop_back_alley_shop
D:4:      layout_gridville, mainiacjoe_overflow_alcove_1,
          minmay_temple_entry_tees

Skill      XL: |  1  2  3  4 |
---------------+-------------+-----
Unarmed Combat | 3 4 5 |  5.2
Shapeshifting  | 3 |  3.9
Fighting       | |  0.8
Dodging        | |  1.7

Action                     |  1- 3 |  4- 6 || total
---------------------------+-------+-------++-------
  Melee: Unarmed           |    52 |    31 ||    83
         Punch             |     1 |     2 ||     3
    Use: Potion            |     1 |     2 ||     3
 Armour: Ring mail         |    25 |    31 ||    56
         Animal skin       |     3 |       ||     3
         Skin              |     3 |       ||     3
  Dodge: Dodged            |    21 |    23 ||    44

Table legend: (Time is in decaauts)
 A = Elapsed time spent in this place.
 B = Non-inter-level travel time spent in this place.
 C = Inter-level travel time spent in this place.
 D = Time resting spent in this place.
 E = Time spent auto-exploring this place.
 F = Levels seen in this place.
 G = Mean time per level.
                   A        B        C        D        E       F      G
               +--------+--------+--------+--------+--------+-----+--------+
         Total |    954 |    879 |     75 |      0 |    699 |   3 |  318.0 |
       Dungeon |    954 |    879 |     75 |      0 |    699 |   3 |  318.0 |
               +--------+--------+--------+--------+--------+-----+--------+

Top non-repeatable levels by time:
     D:1: 404 daAuts
     D:4: 308 daAuts
     D:2: 241 daAuts
